 Dungeon Crawl Stone Soup version 0.27.0-1-g7a089689b8 (webtiles) character file.

Game seed: 396553144550581688

161 freelancePsychic the Insei (level 5, -3/40 HPs)
             Began as a Draconian Transmuter on Aug 17, 2021.
             Slain by a gnoll (8 damage)
             ... on level 2 of the Dungeon.
             The game lasted 00:05:33 (3223 turns).

freelancePsychic the Insei (Draconian Transmuter)   Turns: 3223, Time: 00:05:34

Health: -3/40      AC:  5    Str: 12    XL:     5   Next: 19%
Magic:  5/8        EV: 12    Int: 14    God:
Gold:   57         SH:  0    Dex: 12    Spells: 2/8 levels left

rFire    . . .     SeeInvis .     - Unarmed
rCold    . . .     Faith    .   (no shield)
rNeg     . . .     Spirit   .   (armour unavailable)
rPois    .         Reflect  .   (helmet restricted)
rElec    .         Harm     .   (no cloak)
rCorr    .         Rampage  .   (no gloves)
Will     .....                  (no boots)
Stlth    +.........             (no amulet)
HPRegen  0.13/turn              (no ring)
MPRegen  0.11/turn              (no ring)

@: no status effects
A: AC +5, unfitting armour, cold-blooded
a: no special abilities


You were on level 2 of the Dungeon.
You visited 1 branch of the dungeon, and saw 3 of its levels.

You collected 57 gold pieces.

Inventory:

Jewellery
 b - a ring of fire
 h - a ring of magical power
Scrolls
 a - a scroll of magic mapping {unknown}
 e - a scroll of blinking
 f - a scroll of amnesia {unknown}
 j - 2 scrolls of identify {unknown}
 l - a scroll of noise {unknown}
Potions
 c - a potion of flight {unknown}
 d - a potion of heal wounds {unknown}
 g - a potion of brilliance {unknown}
 i - a potion of curing {unknown}
 k - a potion of haste {unknown}


   Skills:
 - Level 1.5 Fighting
 - Level 1.7 Dodging
 + Level 4.2 Unarmed Combat
 - Level 2.0 Spellcasting
 + Level 3.6 Transmutations
 - Level 2.1 Poison Magic


You had 2 spell levels left.
You knew the following spells:

 Your Spells              Type           Power      Damage    Failure   Level
a - Beastly Appendage     Tmut           22%        N/A       5%          1
b - Wereblood             Tmut           11%        N/A       9%          2
c - Spider Form           Tmut/Pois      4%         N/A       22%         3

Your spell library contained the following spells:

 Spells                   Type           Power      Damage    Failure   Level
 Apportation              Tloc           2%         N/A       24%         1
 Ice Form                 Ice/Tmut       6%         N/A       75%         4
 Petrify                  Tmut/Erth      6%         N/A       75%         4
 Alistair's Intoxication  Tmut/Pois      6%         N/A       90%         5
 Metabolic Englaciation   Hex/Ice        0%         N/A       100%        5
 Invisibility             Hex            0%         N/A       100%        6
 Statue Form              Tmut/Erth      4%         N/A       100%        6


Dungeon Overview and Level Annotations

Branches:
Dungeon (3/15)

Altars:


Innate Abilities, Weirdness & Mutations

Your plain brown scales are hard. (AC +5)
You cannot fit into any form of body armour.
You are cold-blooded and may be slowed by cold attacks.


Message History

The spell is quite dangerous to cast (22% risk of failure)!
Continue anyway?
You turn into a venomous arachnid creature.
The orc completely misses you.
You hit the orc.
The orc is poisoned.
The orc is lightly wounded.
The orc hits you with a +0 war axe!
You hit the orc.
The orc looks as sick as possible!
The orc is severely wounded.
The orc hits you with a +0 war axe!
You hit the orc but do no damage.
The orc looks as sick as possible!
The orc is almost dead.
You kill the orc!
There is an open door here.
The kobold brigand throws a curare-tipped dart.
The curare-tipped dart barely misses you.
Blink to where?
Press: ? - help, Dir - move target
As you read the scroll labelled DOCWYI YRUMODAITE, it crumbles to dust.
It was a scroll of blinking.
The gnoll shouts!
Your transformation is almost over.
There is a stone staircase leading down here.
The kobold brigand throws a curare-tipped dart.
The curare-tipped dart completely misses you.
Your transformation has ended.
The gnoll closely misses you.
Your magical contamination has completely faded away.
There is a stone staircase leading up here.
The kobold brigand throws a curare-tipped dart.
The curare-tipped dart barely misses you.
The gnoll hits you with a +0 flail.
You climb upwards.
There is a stone staircase leading down here.
You completely miss the gnoll. You closely miss the gnoll.
The gnoll hits you with a +0 flail!
* * * LOW HITPOINT WARNING * * *
You hit the gnoll.
The gnoll is moderately wounded.
The gnoll hits you with a +0 flail!
You die...

#........#.# ###########
#........#.# #.........#
#........#.#
.)#####.#.#####........#.#
..#...#.#..##.....#...##.#
..#.#.#.#..##.....#...##.#
..#.#.#.#..##.....#...##.#
..#.#...#.###.....#...##.#
..#.#####.......@......#.#
..#........##..g.(#....#.#
..#.#####)^.####.##....#.#
#.#.#...#......#.......#.#
#.#.#.#.#......#.......#.#
..#.#.#.#......#.......#.#
..#...#.#......#.......#.#
..#####.#......#.......#.#
........#.##..##.........#


You could see a gnoll.

Vanquished Creatures
  A scorpion zombie (D:3)
  Robin (D:2)
  5 gnolls
  An adder zombie (D:3)
  2 dart slugs
  2 orcs (D:3)
  2 bats
  5 endoplasms
  4 giant cockroaches
  12 goblins
  6 hobgoblins
  4 jackals (D:1)
  2 quokkas
  A ball python zombie (D:3)
  4 frilled lizards
  A giant cockroach zombie (D:3)
  7 kobolds
  A quokka zombie (D:3)
  5 rats
66 creatures vanquished.

Vanquished Creatures (others)
  2 withered plants (D:3)
2 creatures vanquished.

Grand Total: 68 creatures vanquished

Notes
Turn   | Place    | Note
-------+----------+-------------------------------------------
     0 | D:1      | freelancePsychic the Draconian Transmuter began the quest
                  | for the Orb.
     0 | D:1      | Reached XP level 1. HP: 16/16 MP: 3/3
   111 | D:1      | Reached XP level 2. HP: 23/23 MP: 5/5
   512 | D:1      | Found a faded altar of an unknown god.
  1099 | D:2      | Reached XP level 3. HP: 28/28 MP: 6/6
  1292 | D:1      | Learned a level 2 spell: Wereblood
  1296 | D:1      | Learned a level 3 spell: Spider Form
  1495 | D:2      | Noticed Robin
  1504 | D:2      | Reached skill level 1 in Poison Magic
  1509 | D:2      | Killed Robin
  2126 | D:2      | Reached XP level 4. HP: 27/35 MP: 3/7
  2797 | D:3      | Reached skill level 4 in Unarmed Combat
  2952 | D:3      | Reached XP level 5. HP: 35/40 MP: 8/8
  3223 | D:2      | Slain by a gnoll

Illustrated notes

Levels and vault maps discovered:
D:1:      minmay_arrival_wavy_path, layout_basic,
          shapermc_ecumenical_altar_totnotflames, bh_walls_and_bars
D:2:      layout_basic, kennysheep_nondescript, roderic_lattice_a, uniq_robin
D:3:      cheibrodos_thug_alley, layout_basic, serial_undead, serial_undead_f,
          serial_undead_d, serial_undead_d, serial_undead_c, uniq_grinder,
          uniq_crazy_yiuf_cottage, uniq_natasha, uniq_jessica

Skill      XL: |  1  2  3  4 |
---------------+-------------+-----
Poison Magic   | 1 2 |  2.1
Transmutations | 3 |  3.6
Unarmed Combat | 4 |  4.2
Fighting       | |  1.5
Dodging        | |  1.7
Spellcasting   | |  2.0

Action                   |  1- 3 |  4- 6 || total
-------------------------+-------+-------++-------
Melee: Unarmed           |   115 |    96 ||   211
       Kick              |     7 |     9 ||    16
       Headbutt          |     7 |     7 ||    14
       Tailslap          |    10 |     9 ||    19
       Punch             |     1 |       ||     1
 Cast: Beastly Appendage |     4 |     8 ||    12
       Spider Form       |     3 |     5 ||     8
       Wereblood         |     1 |       ||     1
  Use: Scroll            |       |     1 ||     1
 Stab: Sleeping          |     1 |     2 ||     3
Armor: Skin              |    30 |    13 ||    43
Dodge: Dodged            |    85 |    55 ||   140
